 Dungeon Crawl Stone Soup version 0.28-a0-730-g892d06dc2c (webtiles) character file.

Game seed: 7015682246089716772

10585 flyleaff the Fighter (level 11, -9/86 HPs)
             Began as a Djinni Hedge Wizard on Oct 29, 2021.
             Mangled by a komodo dragon (16 damage)
             ... on level 2 of the Lair of Beasts.
             The game lasted 00:40:29 (9599 turns).

flyleaff the Fighter (Djinni Hedge Wizard)          Turns: 9599, Time: 00:40:29

Health: -9/86      AC: 12    Str:  9    XL:     11   Next: 95%
Gold:   537        EV: 16    Int: 23    God:
                   SH:  0    Dex: 17

rFire   + + .      SeeInvis .   w - +5 flail of Vupex {flame, Will+ Int+4 Dex+4}
rCold   x . .      Faith    .   (no shield)
rNeg    . . .      Spirit   .   h - +1 troll leather armour {Purgy}
rPois   ∞          Reflect  .   C - +1 hat {Stlth+}
rElec   .          Harm     .   (no cloak)
rCorr   .          Rampage  .   f - +0 pair of gloves
Will    +++..                   (boots unavailable)
Stlth   ++........              t - amulet of the acrobat
HPRegen 0.00/turn               y - +4 ring of protection
MPRegen 0.00/turn               p - +4 ring of evasion

@: confused, ambrosia-drunk, flying, inhibited regen
A: sickness immunity, fire resistance 2, cold vulnerability 1, float, innate
caster, hp casting, extra vitality 1, strong-willed 1, inhibited regeneration
a: no special abilities


You were on level 2 of the Lair of Beasts.
You visited 3 branches of the dungeon, and saw 12 of its levels.

You collected 537 gold pieces.

Inventory:

Hand Weapons
 g - a +0 vorpal triple crossbow
 u - the +5 hunting sling of Honour {venom, Contam rElec rCorr}
   (You found it on level 7 of the Dungeon)

   Any ammunition fired from it poisons the flesh of those it strikes.
   rElec:     It insulates you from electricity.
   Contam:    It causes magical contamination when unequipped.
   rCorr:     It protects you from acid and corrosion.
 w - the +5 flail of Vupex (weapon) {flame, Will+ Int+4 Dex+4}
   (You found it on level 6 of the Dungeon)

   It burns those it strikes, dealing additional fire damage.
   Int:       It affects your intelligence (+4).
   Dex:       It affects your dexterity (+4).
   Will:      It increases your willpower.
 z - the +4 whip of the Establishment {venom, rN+ rCorr}
   (You found it on level 6 of the Dungeon)

   It poisons the flesh of those it strikes.
   rN:        It protects you from negative energy.
   rCorr:     It protects you from acid and corrosion.
Missiles
 i - 45 poisoned darts
 l - 7 bolts
Armour
 f - a +0 pair of gloves (worn)
 h - a +1 troll leather armour (worn) {Purgy}
 A - the +3 chain mail of Ashenzari's Pride {rN+ rCorr Slay+2 Stlth+}
   (You found it on level 8 of the Dungeon)

   Slay:      It affects your accuracy & damage with ranged weapons and melee
   (+2).
   rN:        It protects you from negative energy.
   rCorr:     It protects you from acid and corrosion.
   Stlth:     It makes you more stealthy.
 C - a +1 hat of stealth (worn)
Jewellery
 c - a +6 ring of strength
 e - a ring of wizardry
 p - a +4 ring of evasion (right hand)
 r - a ring of positive energy
 t - an amulet of the acrobat (around neck)
 y - a +4 ring of protection (left hand)
Wands
 b - a wand of paralysis (7)
 j - a wand of flame (55)
 v - a wand of polymorph (16)
 x - a wand of acid (1)
Scrolls
 d - 3 scrolls of teleportation
 o - 5 scrolls of identify
 q - 4 scrolls of magic mapping
 s - a scroll of summoning
Potions
 k - a potion of resistance
 n - a potion of brilliance
Miscellaneous
 m - a tin of tremorstones (2/2)


   Skills:
 - Level 10.3 Fighting
 - Level 8.6 Crossbows
 + Level 7.9 Armour
 - Level 2.1 Dodging
 - Level 1.5 Stealth
 - Level 6.1 Spellcasting


You couldn't memorise any spells.
You knew the following spells:

 Your Spells              Type           Power      Damage    Failure   Level
a - Magic Dart            Conj           100%       1d8       1%          1
b - Blink                 Tloc           70%        N/A       1%          2
c - Call Imp              Summ           35%        N/A       1%          2
d - Slow                  Hex            35%        N/A       1%          2
e - Conjure Flame         Conj/Fire      35%        6-21      2%          3
f - Mephitic Cloud        Conj/Pois/Air  35%        N/A       2%          3
g - Apportation           Tloc           70%        N/A       1%          1
h - Scorch                Fire           70%        2d8       1%          2
i - Lesser Beckoning      Tloc           35%        N/A       2%          3
j - Tukima's Dance        Hex            35%        N/A       2%          3
k - Flame Wave            Conj/Fire      35%        3d8       9%          4
Your spell library was empty.

Dungeon Overview and Level Annotations

Branches:
Dungeon (9/15)             Temple (1/1) D:7            Lair (2/6) D:9
  Swamp: Lair:2-4    Shoals: Lair:2-4     Snake: Lair:2-4    Spider: Lair:2-4
    Orc: D:9-12

Altars:
Elyvilon
Nemelex Xobeh
Okawaru
Qazlal
Ru
Sif Muna
Uskayaw
Vehumet
Wu Jian
Xom
Yredelemnul
Zin
The Shining One

Shops:
D:5 (

Annotations:
D:9 RancidPinata's ghost, journeyman GrGl


Innate Abilities, Weirdness & Mutations

You are immune to sickness and miasma.
You are immune to poison.
Your flesh is very heat resistant. (rF++)
You are vulnerable to cold. (rC-)
You float through the air rather than walking.
You learn spells naturally, not from books.
Your magical power is your life essence.
You have superior vitality. (+4 HP)
You are strong-willed. (Will+)
You do not regenerate when monsters are visible.


Message History

Okay, then.
Found a scroll of amnesia.
A komodo dragon comes into view.
A komodo dragon comes into view.
The komodo dragon hisses angrily.
A cane toad comes into view.
You hit the komodo dragon. You burn the komodo dragon.
The komodo dragon is lightly wounded.
The komodo dragon misses you.
You hit the komodo dragon but do no damage.
The komodo dragon is lightly wounded.
The komodo dragon closely misses you.
The cane toad stings you but does no damage.
The komodo dragon bites you!
You sock the komodo dragon! You burn the komodo dragon.
The komodo dragon is moderately wounded.
The cane toad stings you!! The komodo dragon closely misses you.
The komodo dragon barely misses you. The cane toad closely misses you.
You hit the komodo dragon. You burn the komodo dragon.
The komodo dragon is moderately wounded.
The komodo dragon completely misses you.
The komodo dragon bites you. The cane toad completely misses you.
The komodo dragon closely misses you. The komodo dragon misses you.
You hit the komodo dragon but do no damage.
The komodo dragon is moderately wounded.
The cane toad barely misses you. The komodo dragon bites you!
The komodo dragon bites you!!
* * * LOW HITPOINT WARNING * * *
The cane toad stings you!!
* * * LOW HITPOINT WARNING * * *
You are too injured to fight recklessly!
You are too injured to fight recklessly!
Unknown command.
The komodo dragon completely misses you.
The cane toad completely misses you.
You are confused.
You feel invigorated. The cane toad closely misses you.
The komodo dragon bites you but does no damage.
The komodo dragon bites you!
You die...

..# ......... .##..##
.......?D
#.#...##.........
###....$##........
#........#P.......
###................
#..........<.......
#..........#......#
#...@..[....#.$##.P
##..llF......##.#
##.................
#P................$.
###................##
#..................
##................
#................
#.#...?.......^..


You could see 2 komodo dragons and a cane toad.

Vanquished Creatures
  Gastronok (D:8)
  A manticore (D:9)
  2 black mambas (Lair:1)
  A rime drake (Lair:1)
  4 komodo dragons (Lair:1)
  2 hornets (D:9)
  A queen bee (D:9)
  A yak (shapeshifter) (D:9)
  12 yaks (Lair:1)
  2 basilisks (Lair:1)
  A steam dragon (D:9)
  Menkaure (D:5)
  An acid dragon (D:9)
  6 water moccasins
  Purgy (D:3)
  2 black bears
  2 orc warriors
  An ice beast (D:6)
  A hornet zombie (D:8)
  2 ogres (D:5)
  3 centaurs
  A phantom (D:4)
  A kobold brigand (D:9)
  4 bullfrogs (Lair:1)
  2 scorpions
  5 killer bees (D:9)
  9 wights
  5 howler monkeys
  3 centaur zombies
  5 hounds
  A bullfrog zombie (D:5)
  3 jellies
  4 orc priests
  A bullfrog skeleton (D:5)
  Ijyb (D:5)
  A centaur skeleton (D:7)
  A scorpion zombie (D:5)
  Terence (D:3)
  2 iguanas
  7 orc wizards
  A hound zombie (D:5)
  A howler monkey zombie (D:9)
  A howler monkey skeleton (D:7)
  2 gnolls (D:4)
  5 adders
  2 shadow imps
  4 white imps
  2 worms
  4 dart slugs
  28 orcs
  12 endoplasms
  8 giant cockroaches
  8 goblins
  6 hobgoblins
  6 quokkas
  11 ball pythons
  3 bats (D:1)
  4 frilled lizards
  10 kobolds
  5 rats
228 creatures vanquished.

Vanquished Creatures (collateral kills)
  A killer bee (D:9)
  A gnoll (D:4)
  A giant cockroach (D:4)
3 creatures vanquished.

Vanquished Creatures (others)
  2 fungi (Lair:1)
  A plant (Lair:1)
3 creatures vanquished.

Grand Total: 234 creatures vanquished

Notes
Turn   | Place    | Note
-------+----------+-------------------------------------------
     0 | D:1      | flyleaff the Djinni Hedge Wizard began the quest for the
                  | Orb.
     0 | D:1      | Reached XP level 1. HP: 15/15 MP: 0/0
   265 | D:1      | Reached skill level 1 in Fighting
   265 | D:1      | Reached XP level 2. HP: 20/22 MP: 0/0
   389 | D:1      | Found a faded altar of an unknown god.
  1009 | D:1      | Reached XP level 3. HP: 26/27 MP: 0/0
  1009 | D:1      | Learned a level 1 spell: Apportation
  1691 | D:2      | Reached XP level 4. HP: 25/33 MP: 0/0
  1770 | D:2      | Reached skill level 1 in Crossbows
  2405 | D:2      | Reached skill level 2 in Fighting
  2778 | D:3      | Reached XP level 5. HP: 35/38 MP: 0/0
  2778 | D:3      | Learned a level 2 spell: Scorch
  2784 | D:3      | Noticed Purgy
  2800 | D:3      | Killed Purgy
  2801 | D:3      | Reached XP level 6. HP: 22/45 MP: 0/0
  3123 | D:3      | Noticed an ogre
  3160 | D:3      | You are sucked into a shaft and drop 2 floors!
  3160 | D:5      | Entered Level 5 of the Dungeon
  3160 | D:5      | Found Hutus's Weapon Shoppe.
  3171 | D:5      | Noticed Ijyb
  3200 | D:6      | Noticed a water moccasin
  3213 | D:6      | Killed a water moccasin
  3214 | D:6      | Reached skill level 3 in Fighting
  3264 | D:6      | Noticed an ice beast
  3283 | D:6      | Reached XP level 7. HP: 49/50 MP: 0/0
  3283 | D:6      | Learned a level 3 spell: Lesser Beckoning
  3562 | D:4      | Reached skill level 5 in Spellcasting
  3575 | D:4      | Reached skill level 4 in Fighting
  3575 | D:4      | Reached XP level 8. HP: 53/58 MP: 0/0
  3770 | D:3      | Noticed Terence
  3776 | D:3      | Killed Terence
  4646 | D:4      | Found a sparkling altar of Nemelex Xobeh.
  5008 | D:5      | Reached skill level 5 in Fighting
  5063 | D:5      | Killed Ijyb
  5070 | D:5      | Reached XP level 9. HP: 65/65 MP: 0/0
  5070 | D:5      | Learned a level 3 spell: Tukima's Dance
  5263 | D:5      | Noticed Menkaure
  5265 | D:5      | Killed Menkaure
  5739 | D:6      | Identified the +5 flail of Vupex {flame, Will+ Int+4 Dex+4}
  5869 | D:6      | You are sucked into a shaft and drop 1 floor!
  5875 | D:7      | Reached skill level 5 in Armour
  6009 | D:6      | Identified the +4 whip of the Establishment {venom, rN+
                  | rCorr}
  6042 | D:6      | Gained mutation: You do not regenerate when monsters are
                  | visible. [potion of mutation]
  6042 | D:6      | Gained mutation: You are strong-willed. (Will+) [potion of
                  | mutation]
  6286 | D:7      | Found a staircase to the Ecumenical Temple.
  6295 | Temple   | Entered the Ecumenical Temple
  6462 | D:7      | Identified the +5 hunting sling of Honour {venom, Contam
                  | rElec rCorr}
  6709 | D:8      | Reached skill level 6 in Fighting
  6791 | D:8      | Identified the +3 chain mail of Ashenzari's Pride {rN+
                  | rCorr Slay+2 Stlth+}
  6791 | D:8      | Noticed Gastronok
  6819 | D:8      | Killed Gastronok
  6820 | D:8      | Reached skill level 7 in Fighting
  6820 | D:8      | Reached XP level 10. HP: 30/75 MP: 0/0
  7374 | D:9      | Reached skill level 8 in Fighting
  7383 | D:9      | Noticed a manticore
  7391 | D:9      | Killed a manticore
  7658 | D:9      | Found a transporter.
  7659 | D:9      | Found a transporter.
  7780 | D:9      | Found a staircase to the Lair.
  7972 | D:9      | Noticed RancidPinata's ghost (journeyman GrGl)
  8185 | D:9      | Reached XP level 11. HP: 54/82 MP: 0/0
  8185 | D:9      | Learned a level 4 spell: Flame Wave
  8215 | D:9      | Reached skill level 9 in Fighting
  8590 | Lair:1   | Entered Level 1 of the Lair of Beasts
  8714 | Lair:1   | Reached skill level 10 in Fighting
  9581 | Lair:2   | Noticed a six-headed hydra
  9593 | Lair:2   | HP: 4/86 [cane toad (20)]
  9599 | Lair:2   | Mangled by a komodo dragon

Illustrated notes

Levels and vault maps discovered:
D:1:      dpeg_arrival_ternary, layout_basic,
          hellmonk_ecumenical_altar_heavens_door, dk_noncrumbling_2,
          patterned_corridor
D:2:      layout_rooms, st_stairs_13, kennysheep_generic_room_3
D:3:      layout_basic, uniq_purgy, uniq_terence
D:4:      layout_gridville, amcnicky_mini_rare_corridor_liquid,
          minmay_ruined_shrine
D:5:      layout_basic, serial_shops, shop, uniq_ijyb, uniq_menkaure
D:6:      layout_basic
D:7:      layout_gridville, minmay_temple_entry_mini_moons
D:8:      layout_basic, uniq_gastronok
D:9:      layout_small_grid, lair_entry_dummy, gammafunk_ghost_hive,
          minmay_checkerbox
Temple:   nicolae_temple_god_jail
Lair:1:   layout_regular_city, beast_lair_carwin_2
Lair:2:   layout_cave_pods, minmay_shoals_entry_hut, serial_bayou_shore_a

Skill      XL: |  1  2  3  4  5  6  7  8  9 10 11 |
---------------+----------------------------------+-----
Fighting       | 1 2 3 4 5 7 8 10 | 10.3
Spellcasting   | 3 4 5 6 |  6.1
Crossbows      | 1 2 3 4 6 7 8 |  8.6
Armour         | 5 7 |  7.9
Dodging        | |  2.1
Stealth        | |  1.5

Action                   |  1- 3 |  4- 6 |  7- 9 | 10-12 || total
-------------------------+-------+-------+-------+-------++-------
Melee: Dagger            |       |     1 |       |       ||     1
       Flail             |       |       |       |    23 ||    23
 Fire: Triple crossbow   |       |       |   189 |   174 ||   363
 Cast: Magic Dart        |    79 |   120 |    78 |    23 ||   300
       Mephitic Cloud    |       |     5 |    22 |    15 ||    42
       Scorch            |       |     4 |    27 |    15 ||    46
       Call Imp          |       |     1 |     2 |     5 ||     8
       Slow              |       |     1 |     1 |       ||     2
       Tukima's Dance    |       |       |       |     2 ||     2
Evoke: Wand              |       |       |     4 |       ||     4
  Use: Scroll            |     3 |     4 |    16 |     6 ||    29
       Potion            |       |     2 |     5 |    14 ||    21
 Stab: Confused          |       |     1 |       |     1 ||     2
Armor: Robe              |       |     4 |       |       ||     4
       Skin              |       |     1 |       |       ||     1
       Troll leather arm |       |    12 |    69 |    82 ||   163
Dodge: Dodged            |     6 |    28 |   182 |   244 ||   460

Table legend: (Time is in decaauts)
 A = Elapsed time spent in this place.
 B = Non-inter-level travel time spent in this place.
 C = Inter-level travel time spent in this place.
 D = Time resting spent in this place.
 E = Time spent auto-exploring this place.
 F = Levels seen in this place.
 G = Mean time per level.
                   A        B        C        D        E       F      G
               +--------+--------+--------+--------+--------+-----+--------+
         Total |   9955 |   9548 |    407 |    673 |   6606 |  12 |  829.6 |
       Dungeon |   8857 |   8479 |    378 |    673 |   5759 |   9 |  984.1 |
        Temple |     47 |     35 |     12 |      0 |     24 |   1 |   47.0 |
          Lair |   1049 |   1032 |     17 |      0 |    823 |   2 |  524.5 |
               +--------+--------+--------+--------+--------+-----+--------+

Top non-repeatable levels by time:
     D:1: 1517 daAuts
     D:9: 1473 daAuts
     D:2: 1257 daAuts
  Lair:1: 1030 daAuts
     D:3: 993 daAuts
     D:5: 916 daAuts
     D:4: 875 daAuts
     D:6: 636 daAuts
     D:7: 599 daAuts
     D:8: 586 daAuts
  Temple: 47 daAuts
  Lair:2: 19 daAuts
